 Dungeon Crawl Stone Soup version 0.30-a0-913-g9934a0ce24 (webtiles) character file.

Game seed: 8330163399802356796

86 selver the Shooter (level 4, -4/37 HPs)
             Began as a Minotaur Hunter on Mar 20, 2023.
             Killed by divine providence
             ... invoked by an orc priest
              (11 damage)
             ... on level 3 of the Dungeon.
             The game lasted 00:04:19 (1607 turns).

selver the Shooter (Minotaur Hunter)                Turns: 1607, Time: 00:04:20

Health: -4/37      AC: 13    Str: 15    XL:     4   Next: 26%
Magic:  3/3        EV: 11    Int: 10    God:
Gold:   22         SH:  0    Dex: 14    Spells: 3/3 levels left

rFire   . . .      SeeInvis .    a - +0 shortbow
rCold   . . .      Faith    .    (shield currently unavailable)
rNeg    . . .      Spirit   .    d - +0 ring mail
rPois   .          Reflect  .    (helmet restricted)
rElec   .          Rampage  .    (no cloak)
rCorr   .                        k - +2 pair of gloves
Will    .....                    e - +0 pair of boots
Stlth   +                        (no amulet)
HPRegen 0.26/turn                c - +4 ring of protection
MPRegen 0.08/turn                (no ring)

@: flying
A: horns 2, retaliatory headbutt, hooves 1, clever 1, wild magic 1, evolution 1
a: no special abilities


You were on level 3 of the Dungeon.
You visited 1 branch of the dungeon, and saw 3 of its levels.

You collected 22 gold pieces.

Inventory:

Hand Weapons
 a - a +0 shortbow (weapon)
Armour
 d - a +0 ring mail (worn)
 e - a +0 pair of boots (worn)
 k - a +2 pair of gloves (worn)
 n - a +0 scale mail
Jewellery
 c - a +4 ring of protection (left hand)
Scrolls
 b - a scroll of immolation
 g - 3 scrolls of teleportation {unknown}
 i - 2 scrolls of identify {unknown}
 m - a scroll of noise {unknown}
Potions
 f - a potion of lignification {unknown}
 h - 2 potions of flight
 l - a potion of attraction {unknown}
 o - a potion of haste {unknown}
 p - a potion of curing {unknown}
 q - a potion of brilliance {unknown}


   Skills:
 - Level 2.4 Fighting
 + Level 6.4 Ranged Weapons
 - Level 2.1 Dodging
 - Level 0.7 Stealth


You had 3 spell levels left.
You didn't know any spells.
Your spell library contained the following spells:

 Spells                   Type           Power      Damage    Failure   Level
 Kiss of Death            Conj/Necr      0%         2d5       67%         1
 Sandblast                Erth           0%         2d4       67%         1
 Passwall                 Tmut/Erth      0%         N/A       82%         2
 Ignite Poison            Fire/Tmut/Pois 0%         N/A       95%         3
 Inner Flame              Hex/Fire       0%         N/A       95%         3
 Stone Arrow              Conj/Erth      0%         3d7       95%         3
 Cause Fear               Hex            0%         N/A       100%        4
 Sticky Flame             Conj/Fire      0%         2d3       100%        4
 Discord                  Hex            0%         N/A       100%        8
 Ignition                 Fire           0%         3d3       100%        8


Dungeon Overview and Level Annotations

Branches:
Dungeon (3/15)

Altars:
Dithmenos


Innate Abilities, Weirdness & Mutations

You have a pair of horns on your head.
You reflexively headbutt those who attack you in melee.
You have large cloven feet.
Your mind is acute. (Int +4, Str/Dex -1)
Your spells are a little harder to cast, but a little more powerful.
You have hidden genetic potential.


Message History

You shoot an arrow. The arrow hits the orc.
You kill the orc!
An orc priest comes into view. It is wielding a +0 flail.
You shoot an arrow. The arrow barely misses the orc.
You shoot an arrow. The arrow hits the orc.
The orc is heavily wounded.
The orc hits you but does no damage.
You shoot an arrow. The arrow hits the orc!
You kill the orc!
The orc priest invokes the aid of Beogh against you.
Pain shoots through your body!
The orc priest invokes the aid of Beogh against you.
Pain shoots through your body!
You shoot an arrow. The arrow hits the orc priest.
The orc priest is heavily wounded.
The orc priest calls down the wrath of Beogh upon you.
Beogh smites you!
* * * LOW HITPOINT WARNING * * *
The orc priest hits you but does no damage.
It was a potion of flight.
You feel very buoyant.
You fly up into the air.
The orc priest looks braver for a moment.
The orc priest closely misses you.
A quokka comes into view.
The orc priest closely misses you. You furiously retaliate!
You headbutt the orc priest!
Items here: ! $ )) ††.
Okay, then.
The orc priest attacks as you move away!
The orc priest hits you with a +0 hand axe.
* * * LOW HITPOINT WARNING * * *
You are too injured to fight recklessly!
It was a potion of mutation.
You feel extremely strange.
You feel clever.
You feel a hidden potential growing inside you.
You feel less in control of your magic.
Your feet thicken and deform.
The orc priest calls down the wrath of Beogh upon you.
Beogh smites you!
You die...

.. ..... r# ....
.# # ...#.#.#
..).#.#.# .)..>.
####o.# #..)..# .
##o#....# ..
#@########
#.#####.#......#
##.......#.####.#
#.......##.# #.#
#..........####.#
....##..........#
................#
.##.............#
#.............#


You could see 2 orc priests.

Vanquished Creatures
  2 adders (D:1)
  A gnoll (D:1)
  A worm (D:2)
  A dart slug (D:1)
  3 orcs (D:3)
  4 bats
  3 endoplasms
  3 giant cockroaches (D:1)
  5 goblins
  5 hobgoblins
  6 quokkas
  6 ball pythons
  3 kobolds (D:2)
  3 rats (D:2)
46 creatures vanquished.

Vanquished Creatures (others)
  A fungus (D:2)
1 creature vanquished.

Grand Total: 47 creatures vanquished

Notes
Turn   | Place    | Note
-------+----------+-------------------------------------------
     0 | D:1      | selver the Minotaur Hunter began the quest for the Orb.
     0 | D:1      | Reached XP level 1. HP: 18/18 MP: 0/0
   140 | D:1      | Reached XP level 2. HP: 22/25 MP: 1/1
   163 | D:1      | Reached skill level 5 in Ranged Weapons
   523 | D:1      | Reached XP level 3. HP: 16/30 MP: 2/2
   926 | D:2      | Found a shadowy altar of Dithmenos.
  1072 | D:2      | Reached skill level 6 in Ranged Weapons
  1219 | D:2      | Reached XP level 4. HP: 37/37 MP: 3/3
  1403 | D:2      | Found a faded altar of an unknown god.
  1407 | D:2      | Got Plato's Enchiridion on Maleficent Ceremonies
  1607 | D:3      | Gained mutation: Your mind is acute. (Int +4, Str/Dex -1)
                  | [potion of mutation]
  1607 | D:3      | Gained mutation: You have hidden genetic potential. [potion
                  | of mutation]
  1607 | D:3      | Gained mutation: Your spells are a little harder to cast,
                  | but a little more powerful. [potion of mutation]
  1607 | D:3      | Gained mutation: You have large cloven feet. [potion of
                  | mutation]
  1607 | D:3      | Killed from afar by an orc priest

Illustrated notes

Levels and vault maps discovered:
D:1:      onia_arrival_mini_maze_b, layout_loops_ring, serial_bayou_pond_a,
          st_stairs_9
D:2:      layout_basic, basic_altar, shapermc_ecumenical_altar_rom_forum,
          kennysheep_generic_room_12
D:3:      layout_basic, serial_shops, nicolae_lakefront_shop, serial_glass,
          glass_columns_a, glass_columns_b, glass_columns_b, glass_columns_b,
          glass_columns_a, glass_columns_a, minmay_surrounded

Skill      XL: |  1  2  3 |
---------------+----------+-----
Ranged Weapons | 5 6 |  6.4
Fighting       | |  2.4
Dodging        | |  2.1
Stealth        | |  0.7

Action                     |  1- 3 |  4- 6 || total
---------------------------+-------+-------++-------
   Fire: Shortbow          |   101 |    36 ||   137
    Use: Potion            |       |     2 ||     2
 Armour: Ring mail         |    32 |    14 ||    46
  Dodge: Dodged            |    55 |     7 ||    62

Table legend: (Time is in decaauts)
 A = Elapsed time spent in this place.
 B = Non-inter-level travel time spent in this place.
 C = Inter-level travel time spent in this place.
 D = Time resting spent in this place.
 E = Time spent auto-exploring this place.
 F = Levels seen in this place.
 G = Mean time per level.
                   A        B        C        D        E       F      G
               +--------+--------+--------+--------+--------+-----+--------+
         Total |   1650 |   1534 |    116 |     68 |   1098 |   3 |  550.0 |
       Dungeon |   1650 |   1534 |    116 |     68 |   1098 |   3 |  550.0 |
               +--------+--------+--------+--------+--------+-----+--------+

Top non-repeatable levels by time:
     D:1: 948 daAuts
     D:2: 649 daAuts
     D:3: 53 daAuts
